 Dungeon Crawl Stone Soup version 0.31-a0-986-g5e6e4ef867 (webtiles) character file.

Game seed: 17894036644578737619

245 Maratek the Poker (level 6, -1/48 HPs)
             Began as a Merfolk Fighter on Nov 3, 2023.
             Succumbed to a scorpion's poison
             ... on level 4 of the Dungeon.
             The game lasted 00:03:49 (2545 turns).

Maratek the Poker (Merfolk Fighter)                 Turns: 2545, Time: 00:03:50

Health: -1/48      AC:  7    Str: 16 (18) XL:     6   Next: 10%
Magic:  6/6        EV:  9    Int:  6 (8)  God:
Gold:   139        SH:  4    Dex: 11 (13) Spells: 5/5 levels left

rFire   . . .        a - +1 trident
rCold   . . .        c - +0 buckler
rNeg    . . .        b - +0 scale mail
rPois   .            (no helmet)
rElec   .            (no cloak)
rCorr   .            i - +0 pair of gloves
SInv    .            (no boots)
Will    .....        (no amulet) Stlth
                     (no ring)
HPRegen 0.28/turn    (no ring)
MPRegen 0.10/turn

%: no passive effects
@: lethally poisoned (-1 -> -23)
A: (nimble swimmer 2), mertail
a: no special abilities


You were on level 4 of the Dungeon.
You visited 1 branch of the dungeon, and saw 4 of its levels.

You collected 139 gold pieces.

Inventory:

Hand Weapons
 a - a +1 trident (weapon)
 q - the +5 sling of Painful Death {antimagic, +Blink Int+2 Stlth+}
   (You found it on level 4 of the Dungeon)

   Int+2:     It affects your intelligence (+2).
   +Blink:    It lets you blink.
   Stlth+:    It makes you more stealthy.
Missiles
 h - a throwing net
Armour
 b - a +0 scale mail (worn)
 c - a +0 buckler (worn)
 i - a +0 pair of gloves (worn)
Wands
 m - a wand of mindburst (8)
Scrolls
 k - a scroll of butterflies
 n - 3 scrolls of silence
Potions
 d - a potion of might
 e - a potion of cancellation {unknown}
 f - a potion of degeneration
 g - a potion of heal wounds {unknown}
 j - 2 potions of enlightenment {unknown}
 l - a potion of lignification {unknown}
 o - a potion of ambrosia {unknown}
 p - a potion of haste {unknown}


   Skills:
 + Level 4.1 Fighting
 + Level 5.7 Polearms
 + Level 3.1 Armour
 + Level 1.5 Dodging
 + Level 0.2 Stealth
 + Level 3.4 Shields


You had 5 spell levels left.
You didn't know any spells.
Your spell library contained the following spells:

 Spells                   Type           Power      Damage    Failure   Level
 Lesser Beckoning         Tloc           0%         N/A       98%         2
 Gell's Gravitas          Tloc           0%         N/A       100%        3
 Teleport Other           Tloc           0%         N/A       100%        3
 Simulacrum               Ice/Necr       0%         N/A       100%        6
 Ozocubu's Refrigeration  Ice            0%         4d7       100%        7
 Polar Vortex             Ice            0%         N/A       100%        9


Dungeon Overview and Level Annotations

Branches:
Dungeon (4/15)
 Temple: D:4-7

Altars:
Elyvilon
Fedhas
Trog
Xom
The Shining One

Annotations:
D:4 3 runed translucent doors, DEFE's ghost, amateur DsFi


Innate Abilities, Weirdness & Mutations

((You are very nimble when in or above water. (Stealth+, EV+, Speed+++)))
Your lower body shifts to a powerful aquatic tail in water.


Message History

The scorpion is heavily wounded.
You feel very sick. The orc hits you with a +0 club.
The scorpion closely misses you.
You are too injured to fight recklessly!
You are too injured to fight recklessly!
You are too injured to fight recklessly!
You are too injured to fight recklessly!
You are too injured to fight recklessly!
You are too injured to fight recklessly!
You are too injured to fight recklessly!
You are too injured to fight recklessly!
You are too injured to fight recklessly!
You closely miss the orc.
You feel sick. You block the orc's attack. The scorpion stings you.
You are more poisoned.
The scorpion poisons you!
You hit the orc.
The orc is heavily wounded.
You feel very sick. The scorpion stings you.
* * * LOW HITPOINT WARNING * * *
The orc hits you but does no damage.
You barely miss the orc.
The orc is heavily wounded.
* * * LOW HITPOINT WARNING * * *
You feel very sick. The scorpion barely misses you.
The orc hits you but does no damage.
The scorpion stings you but does no damage.
You barely miss the scorpion.
The scorpion is heavily wounded.
* * * LOW HITPOINT WARNING * * *
You feel very sick. The orc hits you but does no damage.
The scorpion stings you.
* * * LOW HITPOINT WARNING * * *
You are more poisoned.
The scorpion poisons you!
It was a potion of degeneration.
There was something very wrong with that liquid.
You feel weakened.
You feel dopey.
You feel clumsy.
You die...

... ##+# #.#
##...## #..
#.....## ####.#
.......## ##.##.#
........####...#.#
........'........#
........####...#o#
.......## ##.##@#
#.....## ####s#
##...## #.# ##'##
#$# #.# #.# #.###
#.# ###...########
#.# ....#.........
..# #.....########


You could see a scorpion and an orc.

Vanquished Creatures
  A scorpion (D:3)
  3 hounds (D:4)
  2 adders
  2 worms
  A dart slug (D:2)
  An orc (D:2)
  10 ball pythons
  9 endoplasms
  2 giant cockroaches
  4 goblins
  7 hobgoblins
  2 jackals (D:1)
  2 quokkas
  5 bats
  A frilled lizard (D:2)
  5 kobolds
  8 rats
65 creatures vanquished.

Notes
Turn   | Place    | Note
-------+----------+-------------------------------------------
     0 | D:1      | Maratek the Merfolk Fighter began the quest for the Orb.
     0 | D:1      | Reached XP level 1. HP: 18/18 MP: 1/1
   215 | D:1      | Reached XP level 2. HP: 24/24 MP: 2/2
   562 | D:1      | Reached skill level 3 in Polearms
   604 | D:1      | Reached XP level 3. HP: 28/30 MP: 3/3
   868 | D:2      | Reached skill level 1 in Dodging
  1099 | D:2      | Reached XP level 4. HP: 30/37 MP: 4/4
  1604 | D:3      | Noticed a scorpion
  1618 | D:3      | Killed a scorpion
  1619 | D:3      | Reached skill level 4 in Polearms
  1619 | D:3      | Reached XP level 5. HP: 36/42 MP: 5/5
  1821 | D:3      | Found a white marble altar of Elyvilon.
  1823 | D:3      | Found a blossoming altar of Fedhas.
  1825 | D:3      | You fall into a shaft and drop 1 floor!
  1828 | D:4      | Found a runed translucent gate.
  1828 | D:4      | Found a runed translucent gate.
  1828 | D:4      | Found a runed translucent gate.
  1835 | D:4      | Noticed an ice beast
  1835 | D:4      | Noticed DEFE's ghost (amateur DsFi)
  1836 | D:4      | Noticed a phantom
  1839 | D:4      | Identified the +5 sling of Painful Death {antimagic, +Blink
                  | Int+2 Stlth+}
  1903 | D:4      | Found a glowing golden altar of the Shining One.
  1904 | D:4      | Found a bloodstained altar of Trog.
  1904 | D:4      | Found a shimmering altar of Xom.
  2254 | D:4      | Reached skill level 5 in Polearms
  2359 | D:4      | Reached XP level 6. HP: 48/48 MP: 6/6
  2545 | D:4      | Succumbed to a scorpion's poison

Illustrated notes

Levels and vault maps discovered:
D:1:      lemuel_arrival_muddy, layout_basic, nrook_campfire,
          minmay_pentomino_t4
D:2:      layout_basic
D:3:      layout_basic, mainiacjoe_overflow_alcove_3
D:4:      layout_loops_corners, chequers_temple_overflow_statue_of_worship,
          gammafunk_ghost_split, st_stairs_14, minmay_increasing_density

Skill      XL: |  1  2  3  4  5 |
---------------+----------------+-----
Polearms       | 3 4 5 |  5.7
Dodging        | 1 |  1.5
Fighting       | 4 |  4.1
Armour         | 3 |  3.1
Stealth        | |  0.2
Shields        | |  3.4

Action                     |  1- 3 |  4- 6 || total
---------------------------+-------+-------++-------
  Melee: Trident           |   132 |   104 ||   236
    Use: Scroll            |     1 |     5 ||     6
         Potion            |       |     1 ||     1
 Armour: Scale mail        |    64 |    69 ||   133
  Dodge: Dodged            |    47 |    31 ||    78
  Block: Buckler           |    25 |    19 ||    44

Table legend: (Time is in decaauts)
 A = Elapsed time spent in this place.
 B = Non-inter-level travel time spent in this place.
 C = Inter-level travel time spent in this place.
 D = Time resting spent in this place.
 E = Time spent auto-exploring this place.
 F = Levels seen in this place.
 G = Mean time per level.
                   A        B        C        D        E       F      G
               +--------+--------+--------+--------+--------+-----+--------+
         Total |   2570 |   2473 |     97 |      0 |   1971 |   4 |  642.5 |
       Dungeon |   2570 |   2473 |     97 |      0 |   1971 |   4 |  642.5 |
               +--------+--------+--------+--------+--------+-----+--------+

Top non-repeatable levels by time:
     D:1: 793 daAuts
     D:4: 725 daAuts
     D:2: 710 daAuts
     D:3: 341 daAuts
